 Dungeon Crawl Stone Soup version 0.22-a0-93-g6b88ebb (webtiles) character file.

1532 KristoblXynda the Martial Artist (level 8, -4/102 HPs)
             Began as a White Draconian Monk on Jan 24, 2018.
             Slain by a manticore (6 damage)
             ... on level 8 of the Dungeon.
             The game lasted 00:10:04 (5116 turns).

KristoblXynda the Martial Artist (DrMo)             Turns: 5116, Time: 00:10:05

Health: -4/102     AC: 24    Str: 19    XL:     8   Next: 55%
Magic:  10/10      EV:  2    Int: 12    God:
Gold:   369        SH:  0    Dex: 14    Spells: 7/7 levels left

rFire    . . .     SeeInvis +     - Unarmed
rCold    . . .     Gourm    .   (no shield)
rNeg     + + +     Faith    .   (armour unavailable)
rPois    +         Spirit   .   (helmet currently unavailable)
rElec    .         Reflect  .   (cloak currently unavailable)
rCorr    .         Harm     .   (gloves currently unavailable)
MR       .....     NoTele   +   (boots currently unavailable)
Stlth    ++........             B - amulet of regeneration
HPRegen  0.67/turn              C - ring of see invisible
MPRegen  0.12/turn              k - ring of positive energy

@: mighty, tree-form
A: (breathe frost), unfitting armour, AC +6
a: no special abilities


You were on level 8 of the Dungeon.
You were hungry.
You were a tree.
You visited 1 branch of the dungeon, and saw 6 of its levels.

You collected 369 gold pieces.

Inventory:

Missiles
 n - a throwing net (quivered)
Armour
 c - a +0 pair of boots (melded)
 u - a +0 pair of gloves (melded)
Jewellery
 d - a +2 ring of evasion
 k - a ring of positive energy (right branch)
 w - an uncursed ring of protection from cold
 B - an amulet of regeneration (around neck)
 C - a ring of see invisible (left branch)
Wands
 g - a wand of polymorph (8)
 x - a wand of iceblast (8)
Scrolls
 b - a scroll of fear {unknown}
 f - 2 scrolls of magic mapping {unknown}
 h - 3 scrolls of remove curse
 i - 2 scrolls of teleportation
 p - a scroll of amnesia {unknown}
 q - a scroll of fog {unknown}
 s - a scroll of enchant armour {unknown}
 v - a scroll of blinking {unknown}
 y - a scroll of enchant weapon {unknown}
 A - a scroll of immolation {unknown}
Potions
 j - a potion of might
 l - a potion of agility {unknown}
 m - a potion of brilliance {unknown}
 r - a potion of haste {unknown}
 t - 2 potions of flight {unknown}
 z - a potion of cancellation {unknown}
 D - a potion of mutation {unknown}
Comestibles
 a - 3 rations


   Skills:
 - Level 5.0 Fighting
 + Level 5.7 Dodging
 - Level 1.7 Stealth
 * Level 8.5 Unarmed Combat
 + Level 3.0 Evocations


You had 7 spell levels left.
You didn't know any spells.

Dungeon Overview and Level Annotations

Branches:
Dungeon (5/15)
 Temple: D:4-7

Altars:
Cheibriados
Dithmenos
Fedhas
Hepliaklqana
Kikubaaqudgha
Makhleb
Nemelex Xobeh
Okawaru
Trog
Zin
The Shining One


Innate Abilities, Weirdness & Mutations

((You can breathe waves of freezing cold.))
((You can buffet flying creatures when you breathe cold.))
((Your icy white scales are hard. (AC +6)))
You cannot fit into any form of body armour.
((Your flesh is cold resistant. (rC+)))
((You are cold-blooded and may be slowed by cold attacks.))


Message History

The manticore misses you.
You barely miss the manticore. You tail-slap the manticore.
The manticore is moderately wounded.
The manticore bites you!!
* * * LOW HITPOINT WARNING * * *
The manticore claws you.
* * * LOW HITPOINT WARNING * * *
The manticore misses you.
You feel better. The manticore closely misses you.
The manticore claws you but does no damage.
The manticore claws you.
* * * LOW HITPOINT WARNING * * *
You turn into a tree.
Your +0 pair of gloves melds into your body.
Your +0 pair of boots melds into your body.
Your roots penetrate the ground.
The manticore bites you!
* * * LOW HITPOINT WARNING * * *
The manticore claws you but does no damage.
The manticore claws you.
You die...

########
#..H♣..+
#.###### #§#
# #t# #
#.###### #
#......#####
#
###.)......#
# #.....)..#
##
#........#
#####.


You could see a manticore.

Vanquished Creatures
  The ghost of wazuzu the Insei, an amateur DsGl of Yredelemnul (D:4)
  Menkaure (D:4)
  2 orc warriors
  3 ice beasts (D:8)
  An ogre (D:8)
  A wolf (D:8)
  An electric eel (D:8)
  A howler monkey (D:8)
  2 orc priests
  A hound (D:4)
  An iguana (D:8)
  A worker ant (D:4)
  7 orc wizards
  2 hound skeletons (D:4)
  A howler monkey zombie (D:4)
  3 worker ant zombies
  7 adders
  A white imp (D:8)
  An ufetubus (D:8)
  2 dart slugs
  An adder simulacrum (D:8)
  3 leopard geckos
  23 orcs
  7 bats
  5 giant cockroaches
  8 goblins
  7 hobgoblins
  7 jackals
  5 kobolds
  2 ball pythons
  6 frilled lizards
  7 rats
121 creatures vanquished.

Notes
Turn   | Place    | Note
-------+----------+-------------------------------------------
     0 | D:1      | KristoblXynda the Draconian Monk began the quest for the Orb.
     0 | D:1      | Reached XP level 1. HP: 19/19 MP: 1/1
   325 | D:1      | Reached XP level 2. HP: 21/26 MP: 2/2
  1072 | D:2      | Reached XP level 3. HP: 26/31 MP: 3/3
  1081 | D:2      | Found a glowing golden altar of the Shining One.
  1466 | D:2      | Reached skill level 4 in Unarmed Combat
  1959 | D:2      | Reached XP level 4. HP: 37/40 MP: 4/4
  2085 | D:3      | Found a bloodstained altar of Trog.
  2329 | D:3      | Found a glowing silver altar of Zin.
  3097 | D:4      | Noticed wazuzu's ghost (amateur DsGl)
  3106 | D:4      | Noticed an orc warrior
  3113 | D:4      | Killed wazuzu's ghost
  3113 | D:4      | Reached skill level 5 in Unarmed Combat
  3113 | D:4      | Reached XP level 5. HP: 47/47 MP: 5/5
  3123 | D:4      | Killed an orc warrior
  3123 | D:4      | Reached XP level 6. HP: 39/53 MP: 6/6
  3345 | D:4      | Found a snail-covered altar of Cheibriados.
  3409 | D:4      | Reached skill level 5 in Fighting
  3471 | D:4      | Noticed Menkaure
  3585 | D:4      | Killed Menkaure
  3585 | D:4      | Reached skill level 6 in Unarmed Combat
  3585 | D:4      | Your scales start taking on an icy white colour.
  3585 | D:4      | Reached XP level 7. HP: 33/61 MP: 7/7
  3585 | D:4      | Gained mutation: Your flesh is cold resistant. (rC+) [White Draconian growth]
  3704 | D:4      | Found an ancient bone altar of Kikubaaqudgha.
  3706 | D:4      | Found a blossoming altar of Fedhas.
  3706 | D:4      | Found a burning altar of Makhleb.
  3708 | D:4      | Found a shadowy altar of Dithmenos.
  3708 | D:4      | Found a hazy altar of Hepliaklqana.
  3849 | D:4      | Found an iron altar of Okawaru.
  3896 | D:5      | Entered Level 5 of the Dungeon
  4136 | D:5      | Reached skill level 7 in Unarmed Combat
  4288 | D:5      | You fall through a shaft for 3 floors!
  4320 | D:8      | HP: 3/61 [orc priest/divine providence (10)]
  4326 | D:8      | Noticed a yak
  4326 | D:8      | Noticed a polar bear
  4371 | D:8      | Reached skill level 5 in Dodging
  4371 | D:8      | Reached skill level 1 in Evocations
  4457 | D:8      | Reached XP level 8. HP: 28/68 MP: 7/9
  4481 | D:8      | Reached skill level 8 in Unarmed Combat
  4899 | D:8      | Found a sparkling altar of Nemelex Xobeh.
  5104 | D:8      | Noticed a fire crab
  5104 | D:8      | a polar bear changed into a fire crab
  5110 | D:8      | Noticed a manticore
  5110 | D:8      | a fire crab changed into a manticore
  5114 | D:8      | HP: 3/68 [manticore (25)]
  5116 | D:8      | Slain by a manticore

Vault maps used:
D:1:      minmay_arrival_five_plusses, minivault_27, st_stairs_10,
          minmay_misc_feat_hallway
D:2:      tso_metal_star
D:3:      zin_treasury, lemuel_crystal_altar
D:4:      kennysheep_okawaru_gauntlet, kennysheep_slug_shrine,
          grunt_temple_overflow_open, minmay_tree_intersection, uniq_menkaure
D:5:      first_ration, minmay_item_behind_shaft
D:8:      overflow_temple_1_default, serial_ice, serial_ice_e, serial_ice_i,
          serial_ice_d, serial_ice_h

Skill      XL: |  1  2  3  4  5  6  7  8 |
---------------+-------------------------+-----
Dodging        | 3 4 5 |  5.7
Unarmed Combat | 4 5 6 7 8 |  8.5
Fighting       | 4 5 |  5.0
Evocations     | 1 3 |  3.0
Stealth        | |  1.7

Action                   |  1- 3 |  4- 6 |  7- 9 || total
-------------------------+-------+-------+-------++-------
Melee: Unarmed           |   144 |   104 |   246 ||   494
       Tailslap          |    13 |    10 |    29 ||    52
       Punch             |       |     1 |     6 ||     7
 Abil: Breathe Frost     |       |       |     9 ||     9
Evoke: Wand              |       |       |     3 ||     3
  Use: Scroll            |       |     6 |     6 ||    12
       Potion            |       |     3 |     7 ||    10
 Stab: Sleeping          |     6 |     5 |       ||    11
  Eat: Chunk             |     3 |     2 |     3 ||     8
       Ration            |       |     1 |     1 ||     2
Armor: Skin              |    41 |    41 |   132 ||   214
Dodge: Dodged            |   124 |    59 |   204 ||   387

Table legend:
 A = Spawn XP
 B = Non-spawn XP
 C = Spawn XP percentage of total XP
 D = Spawn monster count
 E = Non-spawn monster count
 F = Spawn count percentage of total count
 G = Total turns spent on level
                    A         B        C        D         E        F      G
               +---------+---------+-------+---------+---------+-------+---------
         Total |       0 |    2189 |   0.0 |       0 |     121 |   0.0 |  5116
               +---------+---------+-------+---------+---------+-------+---------
           D:1 |       0 |      29 |   0.0 |       0 |      19 |   0.0 |   908
           D:2 |       0 |      68 |   0.0 |       0 |      20 |   0.0 |  1078
           D:3 |       0 |      59 |   0.0 |       0 |      18 |   0.0 |  1082
           D:4 |       0 |     760 |   0.0 |       0 |      20 |   0.0 |   828
           D:5 |       0 |     206 |   0.0 |       0 |      19 |   0.0 |   392
           D:8 |       0 |    1067 |   0.0 |       0 |      25 |   0.0 |   828
               +---------+---------+-------+---------+---------+-------+---------
